Map: Ley Lines

Players

Zoun

  • Race: Protoss Protoss
  • League: Master
  • Spawn Location: 1:00

STZsOs (sOs) - Winner!

  • Race: Protoss Protoss
  • League: Master
  • Spawn Location: 7:00

Event: HomeStory Cup XXVII

VOD

Have the link to the VOD?

Description

Time

  • Played on: June 29, 2025, 1:44 p.m.
  • Length: 17:47

All games in this series

Show
View Real Time Build Order
Export as new Build Order

Zoun Protoss 

Build Orders:  

Get SALT Encoding   

  12  0:00  Probe  
  13  0:12  Probe  
  14  0:17  Pylon  
  14  0:23  Probe  
  15  0:31  Probe  
  15  0:36  Gateway  
  15  0:39  Probe  
  16  0:45  Assimilator  
  17  0:51  Probe  
  17  0:53  Assimilator  
  18  0:59  Probe  
  19  1:06  Gateway  
  19  1:07  Probe  
  19  1:17  Probe  
  20  1:23  Cybernetics Core  
  21  1:29  Probe  
  22  1:33  Pylon  
  22  1:41  Probe  
  24  1:59  Robotics Facility  
  24  2:00  Adept  
  26  2:02  Adept  
  26  2:03  Warp Gate  
  27  2:10  Pylon  
  27  2:27  Stalker  
  27  2:29  Stalker  
  31  2:47  Robotics Facility  
  31  2:50  Probe  
  31  2:52  Shield Battery  
  31  2:59  Pylon  
  31  3:14  Stalker x2  
  35  3:30  Immortal  
  37  3:51  Probe  
  37  3:53  Pylon  
  37  3:54  Shield Battery  
  36  3:55  Sentry  
  38  4:05  Probe  
  38  4:07  Warp Prism  
  41  4:17  Probe, Sentry  
  41  4:21  Stalker  
  46  4:41  Nexus  
  46  4:42  Probe  
  47  4:49  Pylon  
  47  5:07  Observer, Probe, Twilight Council  
  47  5:10  Stalker  
  51  5:15  Probe  
  51  5:16  Stalker  
  54  5:23  Probe  
  54  5:27  Pylon  
  55  5:29  Blink  
  55  5:34  Phoenix  
  55  5:38  Shield Battery  
  55  5:45  Probe  
  57  5:51  Probe  
  57  5:53  Probe  
  57  5:59  Probe  
  57  6:01  Probe  
  59  6:08  Shield Battery  
  60  6:11  Gateway  
  60  6:12  Probe  
  60  6:16  Probe  
  60  6:17  Observer  
  62  6:22  Observer, Adept x2  
  62  6:24  Pylon  
  66  6:26  Probe  
  66  6:27  Observer  
  67  6:36  Forge  
  67  6:38  Gateway  
  67  6:43  Stalker  
  69  6:47  Stalker  
  69  6:48  Probe  
  69  6:49  Probe  
  73  7:00  Probe  
  75  7:07  Stalker  
  75  7:08  Protoss Ground Weapons Level 1, Stalker  
  78  7:13  Probe  
  78  7:14  Assimilator  
  79  7:16  Pylon  
  78  7:23  Probe  
  78  7:29  Adept  
  81  7:30  Adept  
  83  7:39  Charge  
  83  7:41  Probe, Nexus  
  83  7:42  Pylon  
  80  7:45  Probe  
  79  7:53  Probe  
  80  7:59  Probe  
  80  8:02  Gateway  
  80  8:03  Gateway  
  80  8:05  Probe  
  82  8:11  Probe  
  83  8:17  Probe, Templar Archives  
  84  8:23  Probe  
  84  8:24  Stalker x2  
  87  8:29  Stalker  
  87  8:32  Shield Battery  
  88  8:36  Probe  
  89  8:43  Pylon  
  89  8:44  Observer  
  89  8:45  Protoss Ground Weapons Level 2  
  89  8:48  Gateway  
  89  8:50  Gateway  
  89  8:56  Probe x3  
  92  9:03  Observer  
  92  9:04  Warp Prism  
  92  9:07  High Templar  
  92  9:08  High Templar  
  98  9:12  Observer  
  98  9:15  Archon  
  98  9:16  Probe  
  98  9:17  Shield Battery, Probe  
  100  9:23  Probe  
  101  9:29  Probe x2  
  103  9:33  Nexus  
  102  9:39  High Templar x2  
  102  9:43  Pylon, Archon  
  102  9:45  Probe x3  
  109  9:47  Observer  
  109  9:50  Zealot x3  
  112  10:02  Zealot x3  
  112  10:04  Pylon  
  112  10:06  Shield Battery  
  116  10:08  Photon Cannon  
  116  10:14  Zealot x2  
  116  10:15  Zealot  
  122  10:22  High Templar  
  122  10:23  High Templar  
  122  10:28  Observer  
  126  10:30  Archon  
  126  10:34  Zealot  
  128  10:37  Gateway  
  128  10:39  Gateway  
  126  10:43  Zealot x5  
  136  10:51  Photon Cannon  
  136  10:52  Photon Cannon  
  136  10:54  Probe x3  
  136  10:55  Probe  
  139  10:59  High Templar  
  139  11:00  High Templar, Zealot  
  145  11:04  Archon  
  145  11:07  Protoss Ground Armor Level 1, Zealot x5  
  145  11:10  Pylon  
  155  11:17  Pylon  
  155  11:22  Observer  
  156  11:32  Zealot x3  
  156  11:33  Zealot  
  156  11:37  Pylon  
  156  11:38  Pylon  
  156  11:39  Zealot x4  
  172  11:57  Zealot x6  
  172  12:00  Pylon, Zealot x3  
  188  12:01  Pylon  
  184  12:11  Zealot  
  180  12:18  Zealot x6  
  150  12:24  Zealot x3  
  96  12:39  High Templar x4, Zealot  
  96  12:40  Zealot x2  
  106  12:45  Archon x2  
  106  12:49  Gateway  
  106  12:50  Gateway  
  96  12:52  Gateway, Sentry, Zealot x2  
  102  13:02  Zealot x3  
  107  13:12  Zealot x6  
  119  13:18  Zealot  
  119  13:19  Nexus  
  121  13:25  High Templar x2, Zealot  
  127  13:27  Nexus  
  127  13:29  Pylon  
  127  13:31  Archon  
  127  13:35  Zealot x5  
  127  13:41  Zealot x2  
  140  13:48  Zealot x3  
  127  14:04  High Templar x2, Zealot x2  
  127  14:08  Archon  
  102  14:54  Zealot  
  104  15:24  Pylon, Nexus  
  66  16:35  Pylon x2  
  63  16:59  Probe  
  58  17:07  Probe  
  58  17:11  Probe  
Show
View Real Time Build Order
Export as new Build Order

STZsOs Protoss - Winner!

Build Orders:  

Get SALT Encoding   

  12  0:00  Probe  
  13  0:12  Probe  
  14  0:16  Pylon  
  14  0:23  Probe  
  15  0:31  Probe  
  15  0:36  Gateway  
  15  0:39  Probe  
  16  0:45  Assimilator  
  17  0:51  Probe  
  17  0:53  Assimilator  
  18  0:59  Probe  
  19  1:06  Gateway  
  19  1:07  Probe  
  20  1:17  Probe  
  20  1:23  Cybernetics Core  
  21  1:29  Probe  
  21  1:31  Pylon  
  22  1:41  Probe  
  24  1:54  Probe  
  24  1:56  Stalker x2  
  24  1:59  Warp Gate  
  28  2:12  Pylon  
  28  2:24  Stalker  
  28  2:27  Stalker  
  30  2:30  Probe  
  30  2:33  Pylon  
  33  2:51  Shield Battery  
  33  2:55  Stalker x2  
  36  3:07  Probe  
  37  3:24  Pylon  
  37  3:38  Probe  
  33  3:50  Probe  
  33  3:52  Stargate  
  34  3:57  Adept x2  
  34  4:02  Probe  
  39  4:11  Nexus  
  39  4:14  Probe  
  40  4:20  Pylon  
  40  4:23  Sentry  
  42  4:27  Probe  
  43  4:39  Void Ray  
  45  4:47  Sentry  
  47  4:52  Shield Battery  
  47  4:55  Probe  
  48  5:03  Adept  
  50  5:11  Shield Battery  
  50  5:27  Probe x2  
  54  5:30  Phoenix  
  54  5:31  Void Ray  
  56  5:35  Probe  
  56  5:36  Probe  
  58  5:45  Robotics Facility  
  56  5:54  Probe x2  
  58  6:06  Probe x2  
  58  6:11  Pylon  
  60  6:18  Probe x2  
  61  6:24  Pylon  
  62  6:27  Probe  
  62  6:30  Probe  
  62  6:31  Forge  
  62  6:32  Observer  
  65  6:35  Probe  
  65  6:37  Assimilator  
  66  6:42  Probe  
  66  6:45  Probe  
  67  6:47  Pylon  
  67  6:48  Immortal  
  72  6:54  Probe  
  72  6:57  Probe  
  72  7:00  Twilight Council  
  74  7:06  Probe  
  75  7:09  Pylon  
  75  7:11  Protoss Ground Weapons Level 1  
  75  7:12  Nexus  
  75  7:25  Adept  
  75  7:26  Adept  
  75  7:29  Probe  
  80  7:31  Shield Battery  
  80  7:32  Immortal, Probe  
  84  7:48  Probe x2  
  86  7:57  Charge  
  86  8:00  Probe x2  
  86  8:01  Observer  
  86  8:03  Gateway  
  86  8:05  Immortal, Gateway  
  90  8:13  Pylon  
  90  8:14  Phoenix, Probe x2  
  91  8:27  Probe  
  91  8:31  Probe x2  
  94  8:38  Observer, Probe  
  90  8:43  Probe  
  90  8:45  Gateway  
  90  8:46  Gateway  
  90  8:47  Templar Archives  
  93  8:51  Assimilator  
  93  8:52  Templar Archives, Protoss Ground Weapons Level 2, Zealot x2  
  93  8:53  Immortal  
  97  8:56  Phoenix  
  101  9:22  Gateway  
  101  9:24  Gateway  
  101  9:26  Zealot x4  
  107  9:33  Probe  
  106  9:39  Pylon  
  106  9:47  High Templar x3  
  106  9:48  High Templar  
  106  9:49  Zealot  
  106  9:52  Archon  
  116  9:59  Nexus  
  112  10:04  High Templar  
  112  10:06  Pylon  
  112  10:09  Gateway  
  112  10:11  Gateway  
  112  10:12  Archon  
  112  10:16  Photon Cannon  
  112  10:20  Immortal  
  116  10:26  Zealot x5  
  116  10:27  Zealot x2  
  128  10:29  Probe  
  128  10:33  Photon Cannon  
  123  10:37  High Templar  
  125  10:59  Shield Battery  
  125  11:02  Warp Prism  
  124  11:05  Zealot x4  
  124  11:07  Pylon  
  124  11:10  Photon Cannon  
  130  11:12  Pylon  
  130  11:14  Probe x4  
  130  11:15  Archon  
  130  11:18  High Templar x2  
  138  11:19  High Templar  
  138  11:20  Photon Cannon  
  138  11:22  High Templar, Zealot x2  
  146  11:26  Probe, Archon  
  146  11:28  Archon  
  146  11:30  Probe x3  
  150  11:34  Pylon  
  150  11:35  Zealot x4  
  158  11:51  High Templar x2  
  158  11:52  Zealot  
  164  11:54  Pylon, Zealot x3  
  164  11:55  Probe  
  164  11:56  Archon  
  164  11:57  Pylon  
  164  12:00  Zealot x2  
  172  12:07  Probe  
  171  12:10  Shield Battery  
  171  12:13  Pylon  
  166  12:18  Zealot x6  
  155  12:23  Zealot x2  
  155  12:24  Zealot  
  155  12:25  Zealot  
  123  12:33  Immortal  
  119  12:40  High Templar x2  
  119  12:41  Zealot x3  
  121  12:53  Archon  
  121  12:55  Probe  
  121  12:56  High Templar x2  
  121  12:57  Zealot x3  
  132  13:01  Archon  
  132  13:04  Zealot x3  
  138  13:12  Zealot x2  
  142  13:14  Probe  
  143  13:23  High Templar x2  
  143  13:25  Zealot x2  
  143  13:26  Zealot x6  
  163  13:27  Archon  
  163  13:38  Probe  
  153  13:48  Zealot x4  
  153  13:49  Zealot x3  
  153  13:50  Probe  
  127  14:41  Nexus  
  127  14:43  Pylon  
  113  15:08  Pylon  
  113  15:10  Pylon  
  99  16:01  Nexus  
  96  16:19  Assimilator  
  89  17:37  Pylon  
  89  17:39  Pylon  
Tags
 
Matchup
PvP
Player
ZounsOs
Replay Pack
hsc27
Spawn Locations
Cross Positions
Add a new tag
Caveats
  • Supply blocks, unpowered buildings, or Contaminate may cause inaccurate times.
  • Supply counts are checked every 10 seconds.